AoeStats
← Bor-Komorov

Arena

509175046Analyzed
4v4 RM · 7d ago on Sep 25, 2026· 58m 32s· 8 players
Game mode
Random Map
Map size
Large (8 player)
Population
200
Speed
Normal
Resources
Standard
Victory
Conquest
Starting age
Dark Age
Ending age
Imperial Age
RankedLock teamsTeams togetherTeam positionsShared explorationLock speedFull tech treeHidden civsTurbo modeCheats
Victory
Defeat
🇸🇪 Khmer · Sweden
1244
+14
🇬🇧 Bohemians · United Kingdom
1238
+14
🇨🇭 Saxons · Switzerland
1221
+15
🇺🇸 Varangians · United States
1196
+17
🇨🇴 Saracens · Colombia
1271
-17
🇨🇴 Khmer · Colombia
1201
-15
🇨🇴 Teutons · Colombia
1176
-14
🇨🇴 Jurchens · Colombia
1167
-14
BIZZ9 | Zerkanoo
12:27 Feudal Age
15:08 Castle Age
12:55 Double-Bit Axe
13:05 Horse Collar
16:25 Heavy Plow
19:17 Loom
23:15 Bloodlines
25:20 Bow Saw
26:31 Ballistics
31:01 Imperial Age
29:18 Wheelbarrow
30:15 Hand Cart
32:05 Siege Engineers
32:04 Double Crossbow
32:24 Conscription
34:12 Fortified Wall
33:27 Heavy Scorpion
34:46 Capped Ram
35:21 Capped Ram
37:51 Siege Ram
43:53 Murder Holes
44:59 Chemistry
47:44 Town Watch
49:18 Husbandry
48:39 Light Cavalry
49:54 Scale Barding Armor
50:01 Forging
51:08 Hussar
53:49 Chain Barding Armor
54:12 Iron Casting
57:41 Blast Furnace
Senshi
12:16 Feudal Age
13:46 Horse Collar
15:06 Wheelbarrow
14:18 Horse Collar
15:52 Wheelbarrow
16:18 Loom
19:01 Castle Age
19:21 Forging
38:20 Gold Mining
38:19 Double-Bit Axe
45:50 Imperial Age
48:55 Elite Varangian Guard
51:18 Iron Casting
50:44 Scale Mail Armor
53:38 Blast Furnace
53:16 Conscription
52:29 Gothikon
54:39 Pikeman
57:31 Chain Mail Armor
57:18 Halberdier
henrygobaker
10:38 Feudal Age
12:01 Double-Bit Axe
13:13 Loom
15:49 Castle Age
13:40 Horse Collar
25:53 Wheelbarrow
27:08 Chemistry
26:13 Padded Archer Armor
31:12 Imperial Age
32:18 Leather Archer Armor
36:17 Houfnice
40:23 Conscription
44:49 Hand Cart
45:09 Ring Archer Armor
44:29 Fletching
48:10 Scale Mail Armor
48:21 Forging
49:34 Pikeman
50:15 Squires
50:00 Arson
50:38 Chain Mail Armor
50:59 Iron Casting
50:29 Halberdier
52:12 Plate Mail Armor
ink55
11:01 Feudal Age
9:17 Loom
15:32 Castle Age
14:08 Stone Mining
14:40 Fletching
15:48 Double-Bit Axe
18:11 Horse Collar
21:36 Squires
21:42 Scale Mail Armor
24:40 Chain Mail Armor
26:16 Forging
27:58 Iron Casting
28:34 Wheelbarrow
30:38 Bow Saw
31:03 Heavy Plow
32:57 Gold Mining
36:34 Imperial Age
35:30 Gold Shaft Mining
35:22 Bodkin Arrow
35:49 Hand Cart
37:40 Conscription
38:00 Plate Mail Armor
37:22 Town Watch
38:10 Ballistics
37:57 Siege Engineers
37:39 Pikeman
39:28 Shield Wall
40:23 Bracer
41:08 Halberdier
42:39 Elite Hearth Troop
45:04 Treadmill Crane
46:25 Chemistry
47:57 Padded Archer Armor
48:06 Scale Barding Armor
48:15 Masonry
48:01 Murder Holes
52:59 Chain Barding Armor
52:54 Leather Archer Armor
53:11 Arson
54:06 Hoardings
54:12 Bloodlines
54:03 Husbandry
53:24 Light Cavalry
56:02 Ring Archer Armor
55:20 Hussar
58:06 Architecture
Deanu Reeves
7:48 Loom
11:36 Feudal Age
14:55 Castle Age
14:20 Double-Bit Axe
22:50 Bloodlines
24:55 Wheelbarrow
27:08 Husbandry
27:18 Scale Barding Armor
27:59 Gold Mining
29:25 Chain Barding Armor
29:43 Horse Collar
31:39 Forging
32:06 Coinage
33:45 Iron Casting
34:15 Town Watch
34:40 Heavy Plow
35:31 Redemption
37:15 Hand Cart
39:42 Imperial Age
38:05 Bow Saw
37:51 Stone Mining
40:07 Stone Shaft Mining
40:08 Gold Shaft Mining
40:24 Cavalier
40:29 Onager
46:51 Light Cavalry
48:29 Plate Barding Armor
49:43 Double Crossbow
50:06 Conscription
51:05 Crop Rotation
50:20 Hussar
53:30 Blast Furnace
56:49 Elite Ballista Elephant
Bor-Komorov
11:34 Feudal Age
15:04 Castle Age
14:07 Scale Barding Armor
20:45 Loom
22:00 Bloodlines
25:53 Chain Barding Armor
28:55 Forging
32:43 Husbandry
40:10 Imperial Age
39:01 Iron Casting
40:28 Elite Steppe Lancer
41:54 Horse Collar
42:07 Double-Bit Axe
48:25 Heavy Plow
50:06 Plate Barding Armor
50:18 Conscription
55:51 Blast Furnace
Höor
6:42 Loom
9:59 Feudal Age
10:37 Double-Bit Axe
12:59 Horse Collar
14:44 Fletching
15:22 Padded Archer Armor
18:15 Town Watch
22:10 Castle Age
22:13 Crossbowman
22:49 Bodkin Arrow
24:44 Leather Archer Armor
25:43 Wheelbarrow
28:11 Bow Saw
29:56 Hand Cart
32:44 Thumb Ring
33:08 Ballistics
33:31 Redemption
33:46 Heavy Plow
35:08 Gold Mining
39:00 Imperial Age
39:36 Town Patrol
39:10 Arbalester
41:07 Chemistry
40:43 Conscription
41:48 Elite Skirmisher
50:39 Caravan
51:33 Gold Shaft Mining
51:26 Light Cavalry
52:17 Bloodlines
56:15 Bracer
Volk
11:23 Feudal Age
12:37 Loom
14:58 Castle Age
13:53 Double-Bit Axe
13:50 Horse Collar
14:59 Stone Mining
16:02 Fletching
24:30 Bow Saw
25:43 Scale Mail Armor
25:54 Gold Mining
26:52 Chain Mail Armor
28:32 Forging
29:34 Wheelbarrow
34:34 Imperial Age
34:47 Iron Casting
34:08 Bodkin Arrow
35:26 Fervor
35:39 Ballistics
35:30 Masonry
37:01 Chemistry
35:57 Onager
37:50 Conscription
40:04 Bloodlines
40:25 Ironclad
40:43 Hoardings
43:02 Blast Furnace
45:18 Two-Man Saw
43:49 Cavalier
44:42 Scale Barding Armor
46:32 Chain Barding Armor
47:26 Town Watch
47:57 Hand Cart
49:15 Paladin
52:07 Plate Barding Armor
51:32 Padded Archer Armor
53:36 Stone Shaft Mining
56:47 Plate Mail Armor
Connection lost

Rejoining the realm…

Still unreachable

The connection could not be restored.

Session expired

The server has moved on; the page needs a fresh start.